 Dungeon Crawl Stone Soup version 0.25-a0-578-gc91f01c (webtiles) character file.

Game seed: 983799047826365353, levelgen mode: deterministic

69 15 the Magician (level 4, 0/24 HPs)
             Began as a Deep Elf Fire Elementalist on Mar 5, 2020.
             Succumbed to an orc's poison
             ... on level 3 of the Dungeon on Mar 6, 2020.
             The game lasted 00:12:01 (1720 turns).

15 the Magician (Deep Elf Fire Elementalist)        Turns: 1720, Time: 00:12:01

Health: 0/24       AC:  2    Str:  6    XL:     4   Next: 2%
Magic:  5/12       EV: 13    Int: 20    God:
Gold:   100        SH:  0    Dex: 15    Spells: 10/11 levels left

rFire    . . .     SeeInvis .   d - +0 dagger (curse)
rCold    . . .     Gourm    .   (no shield)
rNeg     . . .     Faith    .   a - +0 robe
rPois    .         Spirit   .   (no helmet)
rElec    .         Reflect  .   (no cloak)
rCorr    .         Harm     .   (no gloves)
MR       .....                  (no boots)
Stlth    ++........             (no amulet)
HPRegen  0.08/turn              (no ring)
MPRegen  0.13/turn              (no ring)

@: lethally poisoned (0 -> -3), hasted, very quick
A: no striking features
a: no special abilities


You were on level 3 of the Dungeon.
You were not hungry.

You visited 1 branch of the dungeon, and saw 3 of its levels.

You collected 100 gold pieces.

Inventory:

Hand Weapons
 d - a cursed +0 dagger (weapon)
Armour
 a - a +0 robe (worn)
Scrolls
 f - a scroll of fear {unknown}
 g - 2 scrolls of blinking
 h - a scroll of remove curse
 i - a scroll of amnesia {unknown}
 j - a scroll of teleportation {unknown}
Potions
 e - a potion of lignification
Comestibles
 c - 5 rations
 k - 7 chunks of flesh


   Skills:
 + Level 0.3 Fighting
 + Level 0.4 Armour
 * Level 3.2 Dodging
 + Level 2.7 Stealth
 * Level 4.0 Spellcasting
 * Level 2.0 Conjurations
 + Level 3.6 Fire Magic


You had 10 spell levels left.
You knew the following spells:

 Your Spells              Type           Power        Failure   Level  Hunger
a - Foxfire               Conj/Fire      ###.         4%          1    None

Your spell library contained the following spells:

 Spells                   Type           Power        Failure   Level  Hunger
 Conjure Flame            Conj/Fire      ###.....     12%         3    ###....
 Inner Flame              Hex/Fire       ##......     19%         3    ###....
 Sticky Flame             Conj/Fire      ###.....     36%         4    ####...
 Fireball                 Conj/Fire      ###.......   73%         5    ######.


Dungeon Overview and Level Annotations

Branches:
Dungeon (3/15)

Altars:
Kikubaaqudgha
Makhleb
Qazlal
Wu Jian

Annotations:
D:2 Sigmund


Message History

Your transformation is almost over.
* * * LOW HITPOINT WARNING * * *
You feel sick.
* * * LOW HITPOINT WARNING * * *
You feel sick.
Really quaff the potion of lignification? [Y]es or [N]o only, please.
Really quaff the potion of lignification?
You are stuck in your current form!
Unknown command.
Unknown command.
* * * LOW HITPOINT WARNING * * *
You feel sick.
* * * LOW HITPOINT WARNING * * *
You feel sick.
You feel less wooden.
Your +0 robe unmelds from your body.
* * * LOW HITPOINT WARNING * * *
You feel sick.
You die...

.........
.......##+#
#..........
#..........
!.........
.........
###+#).......
#....@# # #..
#...((# ..#
#...#....(###...#
##+#...#........#
#......#..(.....#
#......#........#
#....##...(.....+
#...............#
#.................


There were no monsters in sight!

Vanquished Creatures
  2 adders (D:2)
  An ooze (D:2)
  A worm (D:2)
  2 leopard geckos
  4 orcs (D:3)
  5 bats
  3 giant cockroaches
  5 goblins
  2 hobgoblins (D:1)
  4 jackals (D:2)
  A frilled lizard (D:2)
  4 kobolds
  2 rats
36 creatures vanquished.

Vanquished Creatures (others)
  96 foxfires
96 creatures vanquished.

Grand Total: 132 creatures vanquished

Notes
Turn   | Place    | Note
-------+----------+-------------------------------------------
     0 | D:1      | 15 the Deep Elf Fire Elementalist began the quest for the
                  | Orb.
     0 | D:1      | Reached XP level 1. HP: 10/10 MP: 6/6
   306 | D:1      | Reached XP level 2. HP: 15/15 MP: 4/8
   822 | D:2      | Noticed Sigmund
  1038 | D:2      | Reached XP level 3. HP: 19/19 MP: 6/10
  1311 | D:2      | Found an ornate altar of the Wu Jian Council.
  1311 | D:2      | Found an ancient bone altar of Kikubaaqudgha.
  1311 | D:2      | Found a burning altar of Makhleb.
  1321 | D:2      | Found a stormy altar of Qazlal.
  1654 | D:3      | Reached skill level 4 in Spellcasting
  1679 | D:3      | Reached XP level 4. HP: 17/24 MP: 1/12
  1714 | D:3      | HP: 1/24 [poisoned by an orc]
  1720 | D:3      | Succumbed to an orc's poison

Levels and vault maps discovered:
D:1:      giann_forest_graveyard, layout_basic
D:2:      layout_loops_ring, grunt_temple_overflow_cloverleaf,
          serial_park_tiny_pond, uniq_sigmund
D:3:      layout_basic, uniq_jessica

Skill      XL: |  1  2  3 |
---------------+----------+-----
Dodging        | 3 |  3.2
Conjurations   | 2 |  2.0
Spellcasting   | 4 |  4.0
Fighting       | |  0.3
Armour         | |  0.4
Stealth        | |  2.7
Fire Magic     | |  3.6

Action                   |  1- 3 |  4- 6 || total
-------------------------+-------+-------++-------
Melee: Dagger            |    22 |       ||    22
Throw: Dart              |     1 |       ||     1
 Cast: Foxfire           |    87 |       ||    87
  Use: Scroll            |     4 |       ||     4
       Potion            |     1 |     1 ||     2
  Eat: Chunk             |     2 |       ||     2
Armor: Robe              |     4 |       ||     4
Dodge: Dodged            |    29 |       ||    29

Table legend:
 A = Non-vault XP
 B = Vault XP
 C = Vault XP percentage of total XP
 D = Non-vault monster count
 E = Vault monster count
 F = Vault count percentage of total count
                 A         B        C        D         E       F
            +---------+---------+-------+---------+---------+-------
      Total |      99 |       0 |   0.0 |      36 |       0 |   0.0
            +---------+---------+-------+---------+---------+-------
        D:1 |      22 |       0 |   0.0 |      12 |       0 |   0.0
        D:2 |      58 |       0 |   0.0 |      17 |       0 |   0.0
        D:3 |      19 |       0 |   0.0 |       7 |       0 |   0.0
            +---------+---------+-------+---------+---------+-------
